 Dungeon Sprint DCSS version 0.20-a0-754-g13ddd6e (webtiles) character file.

8 esteth the Magician (level 2, -9/15 HPs)
             Began as a Deep Elf Fire Elementalist on Feb 26, 2017.
             Was an Initiate of Vehumet.
             Mangled by a porcupine (16 damage)
             ... in the Dungeon (Sprint V: "Ziggurat Sprint").
             The game lasted 00:01:33 (99 turns).

esteth the Magician (Deep Elf Fire Elementalist)      Turns: 99, Time: 00:01:34

Health: -9/15      AC:  2    Str:  5    XL:     2   Next: 0%
Magic:  8/10       EV: 14    Int: 31    God:    Vehumet [......]
Gold:   0          SH:  0    Dex: 15    Spells: 10/11 levels left

rFire    . . .     SeeInvis .   J - staff of energy
rCold    . . .     Gourm    .   a - +0 robe
rNeg     . . .     Faith    .   (no shield)
rPois    .         Spirit   .   (no helmet)
rElec    .         Reflect  .   (no cloak)
rCorr    .         Harm     .   (no gloves)
MR       .....     NoTele   +   (no boots)
Stlth    +++.......             (no amulet)
Regen    0.1/turn               C - +6 ring of intelligence
MPRegen  0.2/turn               B - +6 ring of intelligence

@: no status effects
A: no striking features
a: Renounce Religion


You were in the Dungeon.
You worshipped Vehumet.
Vehumet was noncommittal.
You were not hungry.

You visited 1 branch

Inventory:

Armour
 a - a +0 robe (worn)
Magical Staves
 J - an uncursed staff of energy (weapon)
Jewellery
 z - a +6 ring of dexterity
 A - a +6 ring of dexterity
 B - a +6 ring of intelligence (left hand)
 C - a +6 ring of intelligence (right hand)
 D - a +6 ring of strength
 E - a +6 ring of strength
Wands
 F - a wand of disintegration (7/24)
 G - a wand of iceblast (5/15)
 H - a wand of lightning (5/15)
 I - a wand of acid (5/15)
Scrolls
 i - 4 scrolls of blinking
 p - 4 scrolls of amnesia
 q - 3 scrolls of recharging
 r - 7 scrolls of fog
 s - a scroll of holy word
 t - 5 scrolls of identify
 u - 5 scrolls of remove curse
 v - 2 scrolls of fear
Potions
 d - 10 potions of curing
 e - 10 potions of heal wounds
 f - 6 potions of haste
 g - 7 potions of magic
 h - 3 potions of berserk rage
 j - 2 potions of brilliance
 k - 2 potions of invisibility
 l - 4 potions of resistance
 n - 5 potions of agility
 o - 5 potions of might
Books
 b - a book of Flames

   Spells                             Type                      Level
   a - Flame Tongue                   Conjuration/Fire             1
   b - Throw Flame                    Conjuration/Fire             2
   c - Conjure Flame                  Conjuration/Fire             3
   d - Inner Flame                    Hexes/Fire                   3
   e - Sticky Flame                   Conjuration/Fire             4
   f - Fireball                       Conjuration/Fire             5
Miscellaneous
 y - a lightning rod (4/4)
Comestibles
 c - 5 bread rations
 w - 42 fruits
 x - 4 meat rations


   Skills:
 - Level 4.5 Dodging
 - Level 5.0 Stealth
 - Level 5.2 Spellcasting
 + Level 3.6 Conjurations
 - Level 4.8 Fire Magic


You had 10 spell levels left.
You knew the following spells:

 Your Spells              Type           Power        Failure   Level  Hunger
a - Flame Tongue          Conj/Fire      ####.        1%          1    None


Dungeon Overview and Level Annotations

Branches:
Dungeon (1/1)

Altars:
Ashenzari
Cheibriados
Dithmenos
Elyvilon
Fedhas
Gozag
Hepliaklqana
Kikubaaqudgha
Makhleb
Nemelex Xobeh
Okawaru
Qazlal
Ru
Sif Muna
Trog
Uskayaw
Vehumet
Xom
Yredelemnul
Zin
The Shining One
Beogh
Jiyva
Lugonu


Message History

Found a book of the Sky and a book of Fire.
Casting: Flame Tongue
Confirm with . or Enter, or press ? or * to list all spells.
Aiming: Flame Tongue
Press: ? - help, Shift-Dir - straight line, f - porcupine
Aim: a porcupine The flame tongue hits the porcupine.
The porcupine is moderately wounded.
The porcupine bites you!
Ouch! That really hurt!
Casting: Flame Tongue
Confirm with . or Enter, or press ? or * to list all spells.
Aiming: Flame Tongue
Press: ? - help, Shift-Dir - straight line, f/p - porcupine
Aim: a porcupine (moderately wounded)
The flame tongue hits the porcupine.
The porcupine is heavily wounded.
The porcupine bites you!
Ouch! That really hurt!
You die...

▓▓▓▓▓▓▓
▓.8©8.▓
▓.....▓
▓.:.:.▓
▓.....▓
▓..rr.▓
▓..@..▓
▓▓▓▓▓▓▓


You could see 2 porcupines.

Vanquished Creatures (others)
  Blork the orc (D)
  Ijyb (D)
2 creatures vanquished.

Notes
Turn   | Place    | Note
-------+----------+-------------------------------------------
     0 | D        | esteth the Deep Elf Fire Elementalist began the quest for the Orb.
     0 | D        | Reached XP level 1. HP: 10/10 MP: 6/6
     0 | D        | Found a deep blue altar of Sif Muna.
     0 | D        | Found a bloodstained altar of Trog.
     0 | D        | Found a sacrificial altar of Ru.
     0 | D        | Found a stormy altar of Qazlal.
     0 | D        | Found an iron altar of Okawaru.
     1 | D        | Found a sparkling altar of Nemelex Xobeh.
     1 | D        | Found a blossoming altar of Fedhas.
     3 | D        | Found an ancient bone altar of Kikubaaqudgha.
     3 | D        | Found a viscous altar of Jiyva.
     3 | D        | Found a corrupted altar of Lugonu.
     3 | D        | Found a hazy altar of Hepliaklqana.
     3 | D        | Found a burning altar of Makhleb.
     3 | D        | Found an opulent altar of Gozag.
     3 | D        | Killed Ijyb
     4 | D        | Killed Blork the orc
    62 | D        | Became a worshipper of Vehumet
    72 | D        | Reached skill level 5 in Stealth
    72 | D        | Reached skill level 5 in Spellcasting
    72 | D        | Reached XP level 2. HP: 15/15 MP: 7/10
    97 | D        | Entered arena 1.
    97 | D        | Noticed a porcupine
    97 | D        | Noticed a porcupine
    99 | D        | Mangled by a porcupine

Vault maps used:
D:        sprint_v

Skill      XL: |  1 |
---------------+----+-----
Dodging        | 4 |  4.5
Stealth        | 5 |  5.0
Spellcasting   | 5 |  5.2
Conjurations   | 3 |  3.6
Fire Magic     | 4 |  4.8

Action                   || total
-------------------------++-------
 Cast: Flame Tongue      ||     2
  Use: Potion            ||     1
